 Dungeon Crawl Stone Soup version 0.23-a0-639-ga9a3373 (console) character file.

156 Duffy the Conjurer (level 5, 20/35 HPs)
             Began as a Demonspawn Fire Elementalist on Dec 29, 2018.
             Quit the game on level 4 of the Dungeon.
             The game lasted 00:05:15 (2784 turns).

Duffy the Conjurer (Demonspawn Fire Elementalist)   Turns: 2784, Time: 00:05:16

Health: 20/35      AC:  4    Str:  8    XL:     5   Next: 15%
Magic:  3/9        EV: 12    Int: 18    God:
Gold:   88         SH:  0    Dex: 13    Spells: 5/9 levels left

rFire    . . .     SeeInvis .   (no weapon)
rCold    . . .     Gourm    .   (no shield)
rNeg     . . .     Faith    .   a - +0 robe
rPois    .         Spirit   .   (no helmet)
rElec    .         Reflect  .   (no cloak)
rCorr    .         Harm     .   (no gloves)
MR       .....                  (no boots)
Stlth    ++........             m - amulet of regeneration
HPRegen  0.51/turn              l - +2 ring of protection
MPRegen  0.11/turn              (no ring)

@: no status effects
A: powered by death 1, spiny 1
a: no special abilities


You were on level 4 of the Dungeon.
You were not hungry.

You visited 1 branch of the dungeon, and saw 4 of its levels.

You collected 88 gold pieces.

Inventory:

Armour
 a - a +0 robe (worn)
Jewellery
 l - a +2 ring of protection (left hand)
 m - an amulet of regeneration (around neck)
Scrolls
 b - 3 scrolls of enchant armour {unknown}
 f - 5 scrolls of identify {unknown}
 h - 2 scrolls of random uselessness {unknown}
 j - a scroll of magic mapping {unknown}
 n - a scroll of teleportation {unknown}
 o - a scroll of remove curse {unknown}
Potions
 d - a potion of berserk rage {unknown}
 e - a potion of might {unknown}
 g - 2 potions of curing {unknown}
 i - 2 potions of agility {unknown}
 p - a potion of brilliance {unknown}
Comestibles
 c - 5 rations
 k - 5 chunks of flesh


   Skills:
 - Level 1.7 Dodging
 - Level 1.7 Stealth
 + Level 2.9 Spellcasting
 + Level 3.6 Conjurations
 + Level 3.5 Fire Magic


You had 5 spell levels left.
You knew the following spells:

 Your Spells              Type           Power        Failure   Level  Hunger
h - Flame Tongue          Conj/Fire      ###..        3%          1    None
l - Conjure Flame         Conj/Fire      ###.....     12%         3    ###....

Your spell library contained the following spells:

 Spells                   Type           Power        Failure   Level  Hunger
 Throw Flame              Conj/Fire      ###...       6%          2    ##.....
 Inner Flame              Hex/Fire       #.......     24%         3    ###....
 Sticky Flame             Conj/Fire      ###.....     36%         4    ####...
 Fireball                 Conj/Fire      ###.......   71%         5    ######.


Dungeon Overview and Level Annotations

Branches:
Dungeon (4/15)
 Temple: D:4-7

Altars:

Shops:
D:4 :


Innate Abilities, Weirdness & Mutations

You regenerate a little health from kills.
You are partially covered in sharp spines.


Message History

The iguana barely misses you.
Casting: Flame Tongue (safe; 4% risk of failure)
Confirm with . or Enter, or press ? or * to list all spells.
Aiming: Flame Tongue (safe; 4% risk of failure)
Press: ? - help, Shift-Dir - straight line, f/p - iguana
Aim: an iguana (severely wounded)
The flame tongue hits the iguana.
The iguana is almost dead.
The iguana misses you.
Casting: Flame Tongue (safe; 4% risk of failure)
Confirm with . or Enter, or press ? or * to list all spells.
Aiming: Flame Tongue (safe; 4% risk of failure)
Press: ? - help, Shift-Dir - straight line, f/p - iguana
Aim: an iguana (almost dead)
The flame tongue hits the iguana.
You kill the iguana!
You have reached level 5!
Your demonic ancestry asserts itself...
Sharp spines emerge from parts of your body.
Are you sure you want to abandon this character and quit the game? (Confirm

##########.###..%.#
#......#...# ####.##
#...[..#.### #.Z##
#........# ##..#
#.......## ##.####
#.......# #....#
#......## ####Z##
#......###### #...
#......%@...############.
#......####..........###.
#......# ##.........##..
######## #)............
#....\....###.
#.............
#..#.#####..... ...##.#
#.#### #.## #.. #.#


There were no monsters in sight!

Vanquished Creatures
  A hound (D:4)
  An iguana (D:4)
  A gnoll (D:1)
  3 adders (D:3)
  2 dart slugs
  2 leopard geckos
  7 orcs (D:3)
  3 giant cockroaches
  7 goblins
  8 hobgoblins
  2 jackals (D:1)
  2 quokkas (D:3)
  2 ball pythons (D:1)
  4 bats
  3 kobolds
  A rat (D:3)
49 creatures vanquished.

Notes
Turn   | Place    | Note
-------+----------+-------------------------------------------
     0 | D:1      | Duffy the Demonspawn Fire Elementalist began the quest for
                  | the Orb.
     0 | D:1      | Reached XP level 1. HP: 13/13 MP: 3/3
   493 | D:1      | Gained mutation: You regenerate a little health from kills.
                  | [demonic ancestry]
   493 | D:1      | Reached XP level 2. HP: 9/19 MP: 0/5
   978 | D:1      | Reached XP level 3. HP: 24/24 MP: 4/6
   983 | D:1      | Learned a level 3 spell: Conjure Flame
  2166 | D:4      | Noticed an ogre
  2341 | D:3      | Reached XP level 4. HP: 30/30 MP: 2/7
  2504 | D:4      | Found Fuysi's Book Boutique.
  2783 | D:4      | Gained mutation: You are partially covered in sharp spines.
                  | [demonic ancestry]
  2783 | D:4      | Reached XP level 5. HP: 20/35 MP: 3/9
  2784 | D:4      | Quit the game

Vault maps used:
D:1:      dpeg_arrival_chase
D:2:      chequers_ecumenical_altar_simple_redux
D:4:      serial_shops, shop

Skill      XL: |  1  2  3 |
---------------+----------+-----
Conjurations   | 2 3 |  3.6
Fire Magic     | 3 |  3.5
Dodging        | |  1.7
Stealth        | |  1.7
Spellcasting   | |  2.9

Action                   |  1- 3 |  4- 6 || total
-------------------------+-------+-------++-------
 Cast: Flame Tongue      |    84 |    34 ||   118
  Eat: Chunk             |     5 |     2 ||     7
Armor: Robe              |    13 |     5 ||    18
Dodge: Dodged            |    52 |    23 ||    75

Table legend:
 A = Non-vault XP
 B = Vault XP
 C = Vault XP percentage of total XP
 D = Non-vault monster count
 E = Vault monster count
 F = Vault count percentage of total count
                 A         B        C        D         E       F
            +---------+---------+-------+---------+---------+-------
      Total |     224 |       0 |   0.0 |      49 |       0 |   0.0
            +---------+---------+-------+---------+---------+-------
        D:1 |      43 |       0 |   0.0 |      16 |       0 |   0.0
        D:2 |      10 |       0 |   0.0 |       5 |       0 |   0.0
        D:3 |      89 |       0 |   0.0 |      25 |       0 |   0.0
        D:4 |      82 |       0 |   0.0 |       3 |       0 |   0.0
            +---------+---------+-------+---------+---------+-------
